Map: Catallena EC (Void)

Players

Deckard - Winner!

  • Race: Zerg Zerg
  • League: Gold
  • Spawn Location: 12:00

zidar

  • Race: Zerg Zerg
  • Spawn Location: 5:00

VOD

Have the link to the VOD?

Description

Time

  • Played on: July 24, 2017, 10:43 a.m.
  • Length: 6:05
Show
View Real Time Build Order
Export as new Build Order

Deckard Zerg - Winner!

Build Orders: Pool First 

Get SALT Encoding   

  12  0:05  Extractor  
  11  0:23  Spawning Pool  
  10  0:30  Drone  
  11  0:36  Drone  
  12  0:45  Drone  
  13  1:10  Overlord  
  13  1:12  Metabolic Boost  
  13  1:25  Zergling x2  
  14  1:31  Zergling x4  
  16  1:37  Zergling x2  
  17  1:48  Zergling x2  
  18  1:58  Zergling x2  
  19  2:07  Roach Warren  
  18  2:16  Zergling x2  
  19  2:27  Zergling x2  
  20  2:33  Overlord  
  19  2:59  Drone  
  19  3:00  Drone  
  21  3:21  Drone x2  
  23  3:29  Hatchery  
  22  3:54  Drone x2  
  22  3:55  Drone  
  23  4:24  Drone x2  
  23  4:41  Queen  
  23  4:42  Drone  
  26  4:48  Queen  
  27  4:53  Extractor  
  27  4:55  Roach x2  
  27  4:56  Roach  
  27  4:59  Roach  
  33  5:15  Roach  
  33  5:20  Overlord  
  35  5:21  Overlord  
  35  5:43  Roach  
  35  5:44  Roach x4  
Show
View Real Time Build Order
Export as new Build Order

zidar Zerg 

Build Orders: Pool First 

Get SALT Encoding   

  12  0:02  Drone  
  13  0:14  Overlord  
  13  0:20  Drone  
  14  0:32  Drone x2  
  16  0:35  Drone  
  17  0:51  Spawning Pool, Drone  
  17  1:03  Extractor  
  16  1:05  Drone  
  18  1:21  Hatchery  
  18  1:24  Drone  
  18  1:30  Extractor  
  18  1:32  Drone x2  
  19  1:44  Queen  
  19  1:46  Zergling x2  
  22  2:03  Overlord  
  22  2:14  Overlord  
  22  2:22  Zergling x2  
  23  2:28  Spine Crawler  
  22  2:31  Zergling x2  
  23  2:49  Baneling Nest  
  20  3:26  Zergling x2  
  25  3:27  Zergling x10  
  26  3:36  Baneling x2  
  26  3:48  Baneling  
  26  3:49  Baneling x3  
  25  4:17  Hatchery  
  23  4:56  Hatchery  
  22  5:03  Drone x6  
  26  5:16  Baneling  
  26  5:17  Baneling  
  26  5:25  Queen  
  28  5:31  Drone  
  29  5:41  Roach Warren  
Tags
 
Add a new tag
Caveats
  • Supply blocks, unpowered buildings, or Contaminate may cause inaccurate times.
  • Supply counts are checked every 10 seconds.